 Dungeon Sprint DCSS version 0.27.1-33-g824d729ab1 (webtiles) character file.

Game seed: 8787308653232270583

26 Adenis the Covert (level 2, -9/19 HPs)
             Began as a Vampire Enchanter on Dec 4, 2021.
             Mangled by an ogre (11 damage)
             ... in the Dungeon (Sprint I: "Red Sonja").
             The game lasted 00:00:41 (32 turns).

Adenis the Covert (Vampire Enchanter)                 Turns: 32, Time: 00:00:42

Health: -9/19      AC: 12    Str:  7    XL:     2   Next: 89%
Magic:  5/5        EV: 19    Int: 17    God:
Gold:   0          SH:  0    Dex: 14    Spells: 4/5 levels left

rFire    . . .     SeeInvis +   (weapon currently unavailable)
rCold    . . .     Faith    .   (shield currently unavailable)
rNeg     + + +     Spirit   .   (armour currently unavailable)
rPois    +         Reflect  .   (helmet currently unavailable)
rElec    .         Harm     .   (cloak currently unavailable)
rCorr    .         Rampage  .   (gloves currently unavailable)
Will     .....     NoTele   +   (boots currently unavailable)
Stlth    ++++......             (no amulet)
HPRegen  0.26/turn              (no ring)
MPRegen  0.09/turn              (no ring)

@: fungus-form (expiring), on berserk cooldown, healing quickly, slowed, very
slow
A: melee confuse, terrified, no casting, alive, tiny, (fangs 3), see invisible,
vampiric 1
a: Exsanguinate


You were in the Dungeon.
You were a sentient fungus.
You visited 1 branch

Inventory:

Hand Weapons
 a - a +1 dagger (melded)
Armour
 b - a +0 robe (melded)
Wands
 g - a wand of polymorph (3)
Scrolls
 h - a scroll of blinking
Potions
 c - a potion of curing
 d - a potion of heal wounds
 e - a potion of haste
 f - 2 potions of magic


   Skills:
 - Level 1.1 Short Blades
 - Level 2.1 Dodging
 + Level 10.1 Stealth
 - Level 2.0 Spellcasting
 - Level 4.4 Hexes


You had 4 spell levels left.
You knew the following spells:

 Your Spells              Type           Power      Damage    Failure   Level
a - Corona                Hex            17%        N/A       3%          1

Your spell library contained the following spells:

 Spells                   Type           Power      Damage    Failure   Level
 Confusing Touch          Hex            16%        N/A       10%         3
 Tukima's Dance           Hex            16%        N/A       10%         3
 Ensorcelled Hibernation  Hex/Ice        18%        N/A       12%         2
 Dazzling Flash           Conj/Hex       18%        N/A       24%         3


Dungeon Overview and Level Annotations

Branches:
Dungeon (1/1)

Altars:


Innate Abilities, Weirdness & Mutations

You are a sentient fungus.
You are tiny and evasive.
Your melee attack releases spores that confuse breathing creatures.
You become terrified and freeze when enemies are visible.
Your armour is entirely melded.
You are incapable of wielding weapons or throwing items.
You cannot cast spells.
Your natural rate of healing is accelerated.
((You have razor-sharp teeth.))
You have supernaturally acute eyesight. (SInv)
You are afflicted with vampirism.


Message History

Your Stealth skill gained 6 levels and is now at level 10!
You have reached level 2!
g - a wand of polymorph (3)
Things that are here:
a +0 dagger; a +0 leather armour You feel a strong urge to attack something.
You are no longer berserk.
You are exhausted.
You feel yourself slow down.
Okay, then.
You open the door.
An ogre comes into view. It is wielding a +0 giant club.
There is an open door here.
The ogre shouts!
The ogre closely misses you. The ogre misses you.
You're too terrified to move while being watched!
You're too terrified to move while being watched!
You're too terrified to move while being watched!
You release spores at the ogre.
The ogre appears confused.
The ogre is lightly wounded.
Your transformation is almost over.
The ogre chortles and stares into space.
You strike the helpless ogre from behind!
You release spores at the ogre.
The ogre is lightly wounded.
The ogre closely misses you.
You release spores at the ogre but do no damage.
The ogre appears confused.
The ogre is lightly wounded.
You strike the helpless ogre from behind!
You release spores at the ogre but do no damage.
The ogre is lightly wounded.
The ogre hits you with a +0 giant club!!
Ouch! That really hurt!
* * * LOW HITPOINT WARNING * * *
You release spores at the ogre!
The ogre appears confused.
The ogre is heavily wounded.
The ogre hits you with a +0 giant club!
Ouch! That really hurt!
You die...

##########
#<.#..'f.#
#..').#.O+
#..#####+#
#..# #..#
#..# #⌠⌠#
####


You could see an ogre (confused).

Vanquished Creatures
  Ijyb (D)
1 creature vanquished.

Notes
Turn   | Place    | Note
-------+----------+-------------------------------------------
     0 | D        | Adenis the Vampire Enchanter began the quest for the Orb.
     0 | D        | Reached XP level 1. HP: 13/13 MP: 3/3
     2 | D        | Noticed Ijyb
    20 | D        | Killed Ijyb
    21 | D        | Reached skill level 10 in Stealth
    21 | D        | Reached XP level 2. HP: 19/19 MP: 5/5
    25 | D        | Noticed an ogre
    32 | D        | Mangled by an ogre

Illustrated notes

Levels and vault maps discovered:
D:        dungeon_sprint_1 [red_sonja_temple_1, red_sonja_temple_small_1]

Skill      XL: |  1 |
---------------+----+-----
Stealth        | 10 | 10.1
Short Blades   | |  1.1
Dodging        | |  2.1
Spellcasting   | |  2.0
Hexes          | |  4.4

Action                   || total
-------------------------++-------
Melee: Dagger            ||    10
       Unarmed           ||    11
  Use: Potion            ||     1
 Stab: Confused          ||     2
Armor: Skin              ||     1
Dodge: Dodged            ||    10
